 Dungeon Crawl Stone Soup version 0.27-a0-1188-g73eefd5def (webtiles) character file.

Game seed: 15521834178828675647

342 Zonian the Sneak (level 6, -3/37 HPs)
             Began as an Octopode Venom Mage on May 22, 2021.
             Was a Believer of Cheibriados.
             Slain by a wyvern zombie (5 damage)
             ... on level 4 of the Dungeon.
             The game lasted 00:12:52 (5748 turns).

Zonian the Sneak (Octopode Venom Mage)              Turns: 5748, Time: 00:12:52

Health: -3/37      AC:  1    Str: 12    XL:     6   Next: 57%
Magic:  5/9        EV: 14    Int: 22    God:    Cheibriados [**....]
Gold:   74         SH:  0    Dex: 20    Spells: 6/9 levels left

rFire    . . .     SeeInvis .   h - +0 short sword (venom)
rCold    . . .     Faith    .   (no shield)
rNeg     . . .     Spirit   .   (helmet restricted)
rPois    .         Reflect  .   b - amulet of magic regeneration
rElec    .         Harm     .   (no ring)
rCorr    .         Rampage  .   (no ring)
Will     .....                  (no ring)
Stlth    ++++......             (no ring)
HPRegen  0.12/turn              (no ring)
MPRegen  0.36/turn              (no ring)
                                (no ring)
                                (no ring)

@: very slow
A: almost no armour, amphibious, 8 rings, camouflage 1, gelatinous body 1,
(nimble swimmer 1), tentacles
a: Renounce Religion, Bend Time


You were on level 4 of the Dungeon.
You worshipped Cheibriados.
Cheibriados was pleased with you.
You visited 1 branch of the dungeon, and saw 4 of its levels.

You collected 74 gold pieces.

Inventory:

Hand Weapons
 g - a +0 dagger
 h - a +0 short sword of venom (weapon)
Missiles
 d - 8 boomerangs
 i - 7 poisoned darts
Jewellery
 b - an amulet of magic regeneration (around mantle)
 c - a +4 ring of protection
 e - a ring of fire
Potions
 a - 2 potions of brilliance
 f - a potion of flight


   Skills:
 + Level 0.8 Fighting
 + Level 2.1 Short Blades
 + Level 3.0 Dodging
 + Level 6.0 Stealth
 + Level 0.5 Unarmed Combat
 + Level 2.4 Spellcasting
 + Level 1.4 Transmutations
 * Level 1.9 Air Magic
 + Level 4.2 Poison Magic
 + Level 0.4 Invocations


You had 6 spell levels left.
You knew the following spells:

 Your Spells              Type           Power      Damage    Failure   Level
a - Sting                 Tmut/Pois      60%        1d6       4%          1
b - Poisonous Vapours     Pois/Air       32%        N/A       5%          2

Your spell library contained the following spells:

 Spells                   Type           Power      Damage    Failure   Level
 Magic Dart               Conj           8%         1d3       13%         1
 Mephitic Cloud           Conj/Pois/Air  11%        N/A       17%         3
 Ignite Poison            Fire/Tmut/Pois 11%        N/A       19%         3
 Blink                    Tloc           N/A        N/A       21%         2
 Call Imp                 Summ           2%         N/A       21%         2
 Slow                     Hex            2%         N/A       21%         2
 Olgreb's Toxic Radiance  Pois           21%        N/A       22%         4
 Conjure Flame            Conj/Fire      2%         6-21      36%         3


Dungeon Overview and Level Annotations

Branches:
Dungeon (4/15)
 Temple: D:4-7

Altars:
Cheibriados
Beogh

Shops:
D:2 :   D:3 *

Portals:
Abyss: D:4

Annotations:
D:4 2 transporters, pistachioham's ghost, amateur DECj


Innate Abilities, Weirdness & Mutations

You cannot wear most types of armour.
You are amphibious.
You can wear up to eight rings at the same time.
Your skin changes colour to match your surroundings (Stealth+).
Your rubbery body absorbs attacks. (AC +1, EV +1)
((You are camouflaged near water. (Stealth+)))
You have tentacles for arms and can constrict up to eight enemies at once.


Message History

The white imp shouts!
A wyvern zombie comes into view.
Found 15 arrows.
Unknown command.
Found a scroll labelled OLOAC TEMEANUNN.
You barely miss the wyvern zombie. The wyvern zombie bites you!
The wyvern zombie closely misses you.
You hit the wyvern zombie. You squeeze the wyvern zombie.
The wyvern zombie is moderately damaged.
The wyvern zombie bites you!
You are too injured to fight recklessly!
Unknown command.
The wyvern zombie barely misses you. The wyvern zombie bites you.
The wyvern zombie closely misses you.
You hit the wyvern zombie.
The wyvern zombie is moderately damaged.
The wyvern zombie barely misses you. The wyvern zombie bites you!
* * * LOW HITPOINT WARNING * * *
Unknown command.
Okay, then.
You aren't carrying any scrolls.
Unknown command.
You aren't carrying any items that you can evoke.
Unknown command.
The flow of time bends around you.
The wyvern zombie resists with some effort.
The wyvern zombie completely misses you.
The flow of time bends around you.
Cheibriados rebukes the wyvern zombie.
The wyvern zombie seems to slow down.
Cheibriados lowers the support of your attributes as your movement quickens.
The wyvern zombie closely misses you.
The wyvern zombie bites you but does no damage.
You hit the wyvern zombie. You squeeze the wyvern zombie.
The wyvern zombie is moderately damaged.
You hit the wyvern zombie but do no damage.
The wyvern zombie is moderately damaged.
The wyvern zombie bites you.
You die...

## ###### ##########
##.###.##
.....###........#####...!...#
................@Z.......(...
###.......####..####......?..
#5###...###$.#.## #.........
... #..## .###.# #...#...##
♣.#.#### .. #..## ##..#...#
#♣.#.....#..##..## ###......
.##.^#.###.#.##..# ......
..#©.#..∩.. ?#©.# .......
###...### ##..## ##....


You could see a wyvern zombie (slow).

Vanquished Creatures
  A phantom (D:3)
  Blork the orc (D:3)
  A howler monkey (D:4)
  An orc wizard (D:4)
  4 gnolls (D:3)
  3 adders
  3 worms
  2 dart slugs
  3 orcs
  7 bats
  4 endoplasms
  2 giant cockroaches
  5 goblins
  4 hobgoblins
  10 kobolds
  2 quokkas (D:4)
  6 ball pythons
  3 frilled lizards (D:1)
  2 rats
64 creatures vanquished.

Notes
Turn   | Place    | Note
-------+----------+-------------------------------------------
     0 | D:1      | Zonian the Octopode Venom Mage began the quest for the Orb.
     0 | D:1      | Reached XP level 1. HP: 11/11 MP: 3/3
   141 | D:1      | You fall into a shaft and drop 1 floor!
   241 | D:1      | Found a faded altar of an unknown god.
   338 | D:1      | Became a worshipper of Cheibriados the Contemplative
   338 | D:1      | Reached * piety under Cheibriados
   471 | D:1      | Reached XP level 2. HP: 11/17 MP: 5/5
   775 | D:1      | Reached skill level 3 in Stealth
  1561 | D:2      | Reached XP level 3. HP: 3/21 MP: 0/6
  2233 | D:2      | Learned a level 2 spell: Poisonous Vapours
  2504 | D:2      | Found Epazxun's Book Shop.
  3163 | D:3      | Reached ** piety under Cheibriados
  3537 | D:3      | Noticed a phantom
  3558 | D:3      | Killed a phantom
  3559 | D:3      | Reached skill level 1 in Short Blades
  3559 | D:3      | Reached skill level 1 in Air Magic
  3559 | D:3      | Reached XP level 4. HP: 5/27 MP: 7/7
  3559 | D:3      | Reached XP level 5. HP: 6/32 MP: 8/8
  3875 | D:3      | Found Aschoeg's General Store.
  4077 | D:3      | Reached skill level 4 in Stealth
  4362 | D:4      | Noticed Blork the orc
  4367 | D:4      | Reached XP level 6. HP: 37/37 MP: 9/9
  4386 | D:3      | Killed Blork the orc
  4387 | D:3      | Reached skill level 5 in Stealth
  5666 | D:4      | Found a transporter.
  5671 | D:4      | Found a one-way gate to the infinite horrors of the Abyss.
  5671 | D:4      | Noticed pistachioham's ghost (amateur DECj)
  5709 | D:4      | Reached skill level 6 in Stealth
  5710 | D:4      | Found a transporter.
  5742 | D:4      | HP: 1/37 [wyvern zombie (13)]
  5748 | D:4      | Slain by a wyvern zombie

Illustrated notes

Levels and vault maps discovered:
D:1:      wander_arrival_chamber, layout_loops_ring,
          hellmonk_ecumenical_altar_inner_sanctum
D:2:      layout_basic, serial_shops, shop
D:3:      layout_loops_ring, serial_shops, shop_fountains,
          minmay_misc_feat_secret_circle, kennysheep_orc_chapel
D:4:      layout_cave_pools, lemuel_tele_altar, gammafunk_ghost_abyssal_escape,
          serial_bayou_crossing, uniq_blork_the_orc

Skill      XL: |  1  2  3  4  5  6 |
---------------+-------------------+-----
Stealth        | 3 4 6 |  6.0
Poison Magic   | 4 |  4.2
Short Blades   | 1 2 |  2.1
Air Magic      | 1 |  1.9
Dodging        | 3 |  3.0
Fighting       | |  0.8
Unarmed Combat | |  0.5
Spellcasting   | |  2.4
Transmutations | |  1.4
Invocations    | |  0.4

Action                   |  1- 3 |  4- 6 || total
-------------------------+-------+-------++-------
Melee: Unarmed           |    27 |       ||    27
       Constrict         |    19 |    10 ||    29
       Tentacles         |    15 |    10 ||    25
       Dagger            |    17 |       ||    17
       Short sword       |    36 |    44 ||    80
 Cast: Sting             |    15 |     4 ||    19
Invok: Bend Time         |     2 |     4 ||     6
  Use: Scroll            |     2 |     2 ||     4
       Potion            |     2 |     2 ||     4
 Stab: Sleeping          |    10 |    11 ||    21
       Distracted        |     1 |       ||     1
Armor: Skin              |     6 |     2 ||     8
Dodge: Dodged            |    45 |    30 ||    75

Table legend: (Time is in decaauts)
 A = Elapsed time spent in this place.
 B = Non-inter-level travel time spent in this place.
 C = Inter-level travel time spent in this place.
 D = Time resting spent in this place.
 E = Time spent auto-exploring this place.
 F = Levels seen in this place.
 G = Mean time per level.
                   A        B        C        D        E       F      G
               +--------+--------+--------+--------+--------+-----+--------+
         Total |   6658 |   6580 |     78 |   3263 |   1904 |   4 | 1664.5 |
       Dungeon |   6658 |   6580 |     78 |   3263 |   1904 |   4 | 1664.5 |
               +--------+--------+--------+--------+--------+-----+--------+

Top non-repeatable levels by time:
     D:3: 2784 daAuts
     D:2: 1973 daAuts
     D:1: 1574 daAuts
     D:4: 326 daAuts
